 Dungeon Sprint DCSS version 0.26-a0-466-g989023bd0d (webtiles) character file.

Game seed: 17191568222241953643

1007 Apogee the Cleaver (level 8, -1/81 HPs)
             Began as a Deep Dwarf Fighter on Aug 11, 2020.
             Was a Priest of Makhleb.
             Slain by an 11-headed hydra (5 damage)
             ... in the Dungeon (Sprint IX: "|||||||||||||||||||||||||||||").
             The game lasted 00:03:57 (567 turns).

Apogee the Cleaver (Deep Dwarf Fighter)              Turns: 567, Time: 00:03:58

Health: -1/81      AC: 10    Str: 22    XL:     8   Next: 0%
Magic:  6/6        EV: 10    Int: 12    God:    Makhleb [***...]
Gold:   0          SH: 12    Dex: 12    Spells: 7/7 levels left

rFire    . . .     SeeInvis .   o - +1 broad axe (vorpal)
rCold    . . .     Faith    .   c - +0 kite shield
rNeg     . . .     Spirit   .   r - +1 scale mail
rPois    .         Reflect  .   (no helmet)
rElec    .         Harm     .   p - +0 cloak
rCorr    .         NoTele   +   (no gloves)
MR       +....                  (no boots)
Stlth    ..........             (no amulet)
HPRegen  0.00/turn              s - +2 ring of evasion
MPRegen  0.10/turn              t - +3 ring of intelligence

@: mighty, very slightly contaminated, non-regenerating, hasted, very quick
A: damage resistance, heal wounds, sense surroundings 1, no regeneration
a: Heal Wounds, Minor Destruction, Lesser Servant of Makhleb, Renounce Religion


You were in the Dungeon.
You worshipped Makhleb.
Makhleb was most pleased with you.
You visited 1 branch

Inventory:

Hand Weapons
 a - a +0 war axe
 o - a +1 vorpal broad axe (weapon)
   (You found it in the Dungeon)
Armour
 b - a +0 scale mail
 c - a +0 kite shield (worn)
 p - a +0 cloak (worn)
   (You found it in the Dungeon)
 q - a +0 cloak
   (You found it in the Dungeon)
 r - a +1 scale mail (worn)
   (You found it in the Dungeon)
Jewellery
 s - a +2 ring of evasion (left hand)
   (You found it in the Dungeon)
 t - a +3 ring of intelligence (right hand)
   (You found it in the Dungeon)
Wands
 d - a wand of iceblast (10)
   (You found it in the Dungeon)
Scrolls
 j - 2 scrolls of blinking
 k - a scroll of magic mapping
 l - 4 scrolls of remove curse {@r2}
 m - 2 scrolls of amnesia
 u - a scroll of identify {@r1}
 v - a scroll of fog
 w - 2 scrolls of enchant weapon
Potions
 e - 7 potions of curing {@q1}
 f - 5 potions of heal wounds {@q2}
 g - a potion of haste {@q3}
 h - 4 potions of magic
 i - a potion of brilliance
 n - a potion of might


   Skills:
 + Level 7.7 Fighting
 * Level 12.0 Axes
 + Level 9.2 Armour
 + Level 9.2 Shields


You had 7 spell levels left.
You didn't know any spells.
Your spell library was empty.

Dungeon Overview and Level Annotations

Branches:
Dungeon (1/1)

Altars:
Cheibriados
Dithmenos
Elyvilon
Fedhas
Gozag
Hepliaklqana
Kikubaaqudgha
Makhleb
Nemelex Xobeh
Okawaru
Qazlal
Ru
Sif Muna
Trog
Uskayaw
Vehumet
Wu Jian
Xom
Yredelemnul
Zin
The Shining One
Beogh
Jiyva
Lugonu


Innate Abilities, Weirdness & Mutations

You are resistant to damage.
You can heal yourself by infusing magical energy.
You passively map a small area around you.
You do not regenerate.


Message History

You barely miss the six-headed hydra.
You hack one of the six-headed hydra's heads off!
The five-headed hydra grows two more!
You slash the seven-headed hydra!
The seven-headed hydra bites you but does no damage.
You block the seven-headed hydra's attack.
The seven-headed hydra bites you but does no damage.
You block the seven-headed hydra's attack.
The seven-headed hydra bites you. x3
The basilisk hisses menacingly.
You slice one of the seven-headed hydra's heads off!
The six-headed hydra grows two more!
You slice the eight-headed hydra!!
You lop one of the eight-headed hydra's heads off!
The seven-headed hydra grows two more!
You slice the nine-headed hydra!!
You block the nine-headed hydra's attack.
The nine-headed hydra bites you but does no damage.
You block the nine-headed hydra's attack.
The nine-headed hydra bites you!
The nine-headed hydra bites you but does no damage.
The nine-headed hydra bites you! The nine-headed hydra misses you.
The nine-headed hydra bites you but does no damage.
The nine-headed hydra bites you.
You chop one of the nine-headed hydra's heads off!
The eight-headed hydra grows two more!
You hit the ten-headed hydra.
You block the ten-headed hydra's attack.
The ten-headed hydra misses you.
You block the ten-headed hydra's attack. x3
The ten-headed hydra bites you but does no damage. x2
The ten-headed hydra barely misses you.
The ten-headed hydra bites you but does no damage. x2
You hack one of the ten-headed hydra's heads off!
The nine-headed hydra grows two more!
You slice the 11-headed hydra!! You barely miss the 11-headed hydra.
The 11-headed hydra bites you!
* * * LOW HITPOINT WARNING * * *
The 11-headed hydra bites you but does no damage.
The 11-headed hydra bites you!
* * * LOW HITPOINT WARNING * * *
You block the 11-headed hydra's attack. The 11-headed hydra bites you!
* * * LOW HITPOINT WARNING * * *
The 11-headed hydra bites you!
* * * LOW HITPOINT WARNING * * *
You block the 11-headed hydra's attack.
The 11-headed hydra bites you but does no damage.
The 11-headed hydra barely misses you. The 11-headed hydra bites you!
* * * LOW HITPOINT WARNING * * *
The 11-headed hydra bites you!
* * * LOW HITPOINT WARNING * * *
You barely miss the 11-headed hydra. The 11-headed hydra barely misses you.
The 11-headed hydra bites you. You block the 11-headed hydra's attack.
The 11-headed hydra bites you.
You die...

* , ,
▓.▓.▓.▓ *
▓.▓.▓.▓ ,
, ,▓'▓.▓.▓
, ▓.▓.▓.▓
+ ,*,
▓.▓.▓.▓ ,
▓.▓.▓)▓ *,
▓.▓.▓.▓ *
▓.▓.▓.▓ *
▓@▓.▓.▓ ,*
▓D▓.▓.▓ *
▓F▓.▓.▓ *
▓l▓.▓'▓ ,*
* ▓F▓.▓_▓
* ▓F▓.▓_▓
▓l▓.▓_▓
,*,▓S▓.▓_▓
▓'▓.▓_▓


You could see a 11-headed hydra, a cane toad, 2 basilisks, a blink frog, a water
moccasin and a bullfrog.

Vanquished Creatures
  A meliai (D)
  A vampire mosquito (D)
  2 orc warriors (D)
  A porcupine (D)
  A centaur (D)
  2 bullfrogs (D)
  A quasit (D)
  An orc priest (D)
  3 hounds (D)
  A worker ant (D)
  An adder (D)
  2 adder skeletons (D)
  2 bats (D)
  A hobgoblin (D)
  A jackal (D)
  A frilled lizard (D)
  A kobold (D)
23 creatures vanquished.

Notes
Turn   | Place    | Note
-------+----------+-------------------------------------------
     0 | D        | Apogee the Deep Dwarf Fighter began the quest for the Orb.
     0 | D        | Reached XP level 1. HP: 20/20 MP: 1/1
    14 | D        | Reached skill level 3 in Axes
   131 | D        | Noticed an orc priest
   131 | D        | Noticed a hound
   131 | D        | Noticed a hound
   137 | D        | Reached XP level 2. HP: 28/28 MP: 2/2
   151 | D        | Reached skill level 4 in Axes
   151 | D        | Reached XP level 3. HP: 20/36 MP: 3/3
   162 | D        | Reached skill level 5 in Axes
   162 | D        | Reached skill level 5 in Armour
   162 | D        | Reached skill level 5 in Shields
   164 | D        | Reached skill level 6 in Axes
   164 | D        | Reached XP level 4. HP: 23/45 MP: 4/4
   172 | D        | Found a roughly hewn altar of Beogh.
   172 | D        | Found a snail-covered altar of Cheibriados.
   172 | D        | Found a shadowy altar of Dithmenos.
   172 | D        | Found a white marble altar of Elyvilon.
   172 | D        | Found a blossoming altar of Fedhas.
   172 | D        | Found an opulent altar of Gozag.
   173 | D        | Found a hazy altar of Hepliaklqana.
   174 | D        | Found a viscous altar of Jiyva.
   175 | D        | Found an ancient bone altar of Kikubaaqudgha.
   176 | D        | Found a corrupted altar of Lugonu.
   177 | D        | Found a burning altar of Makhleb.
   178 | D        | Found a sparkling altar of Nemelex Xobeh.
   179 | D        | Found an iron altar of Okawaru.
   180 | D        | Found a stormy altar of Qazlal.
   181 | D        | Found a sacrificial altar of Ru.
   182 | D        | Found a shimmering blue altar of Sif Muna.
   183 | D        | Found a bloodstained altar of Trog.
   184 | D        | Found a hide-covered altar of Uskayaw.
   185 | D        | Became a worshipper of Makhleb the Destroyer
   186 | D        | Found a radiant altar of Vehumet.
   187 | D        | Found an ornate altar of the Wu Jian Council.
   188 | D        | Found a shimmering altar of Xom.
   189 | D        | Found a basalt altar of Yredelemnul.
   190 | D        | Found a glowing silver altar of Zin.
   191 | D        | Found a glowing golden altar of the Shining One.
   237 | D        | Noticed an orc warrior
   237 | D        | Noticed a bullfrog
   237 | D        | Noticed an orc warrior
   237 | D        | Noticed a centaur
   241 | D        | Reached skill level 7 in Axes
   249 | D        | Killed an orc warrior
   249 | D        | Reached * piety under Makhleb
   249 | D        | Reached skill level 5 in Fighting
   249 | D        | Reached skill level 8 in Axes
   249 | D        | Reached XP level 5. HP: 43/52 MP: 5/5
   251 | D        | Reached skill level 9 in Axes
   251 | D        | Reached XP level 6. HP: 51/62 MP: 6/6
   264 | D        | Killed an orc warrior
   269 | D        | Reached ** piety under Makhleb
   269 | D        | Reached skill level 10 in Axes
   279 | D        | Noticed a vampire mosquito
   279 | D        | Noticed a meliai
   303 | D        | Killed a vampire mosquito
   303 | D        | Reached XP level 7. HP: 51/72 MP: 7/7
   309 | D        | Killed a meliai
   309 | D        | Reached *** piety under Makhleb
   309 | D        | Reached skill level 11 in Axes
   532 | D        | Noticed a basilisk
   532 | D        | Noticed a four-headed hydra
   532 | D        | Noticed a blink frog
   532 | D        | Noticed a cane toad
   532 | D        | Noticed a blink frog
   534 | D        | Reached skill level 12 in Axes
   534 | D        | Reached XP level 8. HP: 81/81 MP: 8/8
   566 | D        | HP: 4/81 [11-headed hydra (5)]
   567 | D        | Slain by an 11-headed hydra

Illustrated notes

Levels and vault maps discovered:
D:        linesprint [early_d, line_temple, items_1, d_10, items_2, lair_1,
          lair_end, items_3, orc_1, orc_end, items_4, d_15, swamp_1, shoals_1,
          snake_1, spider_1, d_20, vaults_1, items_5, swamp_end, shoals_end,
          snake_end, spider_end, vaults_end, d_27, items_6, zot_1, zot_end,
          crypt_end, forest_end, elf_end, slime_end, tomb_end, abyss_end,
          pan_hell_end]

Skill      XL: |  1  2  3  4  5  6  7 |
---------------+----------------------+-----
Fighting       | 3 4 5 7 |  7.7
Axes           | 3 4 6 8 9 10 12 | 12.0
Armour         | 4 5 6 7 8 9 |  9.2
Shields        | 4 5 6 7 8 9 |  9.2

Action                   |  1- 3 |  4- 6 |  7- 9 || total
-------------------------+-------+-------+-------++-------
Melee: War axe           |    48 |       |       ||    48
       Broad axe         |       |    44 |    31 ||    75
 Abil: Heal Wounds       |     4 |     7 |     7 ||    18
  Use: Potion            |       |     2 |     2 ||     4
       Scroll            |       |       |     1 ||     1
 Stab: Invisible         |       |     2 |     3 ||     5
Armor: Scale mail        |    19 |    18 |    32 ||    69
Dodge: Dodged            |     8 |    34 |    20 ||    62
Block: Kite shield       |    28 |    36 |    25 ||    89

Table legend: (Time is in decaauts)
 A = Elapsed time spent in this place.
 B = Non-inter-level travel time spent in this place.
 C = Inter-level travel time spent in this place.
 D = Time resting spent in this place.
 E = Time spent auto-exploring this place.
 F = Levels seen in this place.
 G = Mean time per level.
                   A        B        C        D        E       F      G
               +--------+--------+--------+--------+--------+-----+--------+
         Total |    602 |    602 |      0 |    200 |      0 |   1 |  602.0 |
       Dungeon |    602 |    602 |      0 |    200 |      0 |   1 |  602.0 |
               +--------+--------+--------+--------+--------+-----+--------+

Top non-repeatable levels by time:
       D: 602 daAuts
